 Dungeon Crawl Stone Soup version 0.29.1-12-g30fa7ad0bf (webtiles) character file.

Game seed: 6511340207460638932

350 fleeber the Digger (level 6, -26/32 HPs)
             Began as a Gargoyle Earth Elementalist on Dec 12, 2022.
             Killed from afar by an oklob sapling (32 damage)
             ... with a splash of acid
             ... on level 4 of the Dungeon.
             The game lasted 00:09:02 (4336 turns).

fleeber the Digger (Gargoyle Earth Elementalist)    Turns: 4336, Time: 00:09:03

Health: -26/32     AC:  7    Str: 11    XL:     6   Next: 61%
Magic:  7/11       EV: 11    Int: 18    God:
Gold:   125        SH:  0    Dex: 10    Spells: 8/12 levels left

rFire   . . .      SeeInvis +   p - +0 mace
rCold   . . .      Faith    .   (no shield)
rNeg    + . .      Spirit   .   a - +0 robe
rPois   ∞          Reflect  .   (no helmet)
rElec   +          Harm     .   (no cloak)
rCorr   .          Rampage  .   (no gloves)
Will    .....                   m - +0 pair of boots
Stlth   ++........              (no amulet)
HPRegen 0.10/turn               s - ring of see invisible
MPRegen 0.12/turn               (no ring)

@: no status effects
A: sickness immunity, AC +4, negative energy resistance 1, electricity
resistance, torment resistance 1, petrification resistance
a: no special abilities


You were on level 4 of the Dungeon.
You visited 1 branch of the dungeon, and saw 4 of its levels.

You collected 180 gold pieces.
You spent 55 gold pieces at shops.

Inventory:

Hand Weapons
 p - a +0 mace (weapon)
Armour
 a - a +0 robe (worn)
 m - a +0 pair of boots (worn)
Jewellery
 s - a ring of see invisible (left hand)
Wands
 c - a wand of flame (5)
Scrolls
 d - a scroll of enchant armour {unknown}
 e - 2 scrolls of amnesia {unknown}
 f - 2 scrolls of teleportation {unknown}
 g - 3 scrolls of torment {unknown}
 j - 2 scrolls of blinking {unknown}
 k - a scroll of enchant weapon {unknown}
 n - a scroll of summoning {unknown}
 q - 2 scrolls of identify {unknown}
 r - 2 scrolls of noise {unknown}
 t - a scroll of immolation {unknown}
 u - a scroll of fog {unknown}
 v - a scroll of silence {unknown}
Potions
 b - a potion of magic
 h - a potion of berserk rage {unknown}
 i - a potion of heal wounds
 l - a potion of lignification {unknown}
 o - a potion of cancellation {unknown}
 w - a potion of curing


   Skills:
 - Level 1.5 Dodging
 - Level 2.1 Stealth
 + Level 3.9 Spellcasting
 + Level 3.8 Conjurations
 - Level 0.7 Transmutations
 + Level 5.8 Earth Magic


You had 8 spell levels left.
You knew the following spells:

 Your Spells              Type           Power      Damage    Failure   Level
a - Sandblast             Erth           48%        2d12      1%          1
b - Stone Arrow           Conj/Erth      40%        3d9       6%          3

Your spell library contained the following spells:

 Spells                   Type           Power      Damage    Failure   Level
 Passwall                 Tmut/Erth      12%        N/A       6%          2
 Petrify                  Tmut/Erth      15%        N/A       36%         4


Dungeon Overview and Level Annotations

Branches:
Dungeon (4/15)             Temple (0/1) D:4

Altars:
The Shining One

Shops:
D:2 =((*

Annotations:
D:4 exclusion: oklob sapling


Innate Abilities, Weirdness & Mutations

You are immune to sickness and miasma.
Your stone body is resilient. (AC +4)
You are immune to poison.
You resist negative energy. (rN+)
You are resistant to electric shocks. (rElec)
You are resistant to unholy torment.
You are immune to petrification.


Message History

Press: ? - help, Shift-Dir - straight line, f/p - worm
Aim: a worm (lightly wounded, 94% to hit)
The blast of sand hits the worm!
The worm is severely wounded.
Aiming: Sandblast (safe; 1% risk of failure)
Press: ? - help, Shift-Dir - straight line, f/p - worm
Aim: a worm (severely wounded, 94% to hit)
The blast of sand hits the worm!
You kill the worm!
You start resting.
Magic restored.
Really walk into a travel-excluded area?
An endoplasm comes into view.
The endoplasm quivers.
Aiming: Sandblast (safe; 1% risk of failure)
Press: ? - help, Shift-Dir - straight line, f - oklob sapling
Aim: an oklob sapling (unaware, hasn't noticed you, 100% to hit)
The blast of sand hits the oklob sapling but does no damage.
Aiming: Sandblast (safe; 1% risk of failure)
Press: ? - help, Shift-Dir - straight line, f/p - oklob sapling
Aim: an oklob sapling (100% to hit)
The blast of sand hits the oklob sapling but does no damage.
Aiming: Sandblast (safe; 1% risk of failure)
Press: ? - help, Shift-Dir - straight line, f/p - oklob sapling
Aim: an oklob sapling (100% to hit)
The blast of sand hits the oklob sapling but does no damage.
The endoplasm closely misses you. The oklob sapling spits acid at you.
The splash of acid hits you!!
Ouch! That really hurt!
* * * LOW HITPOINT WARNING * * *
Aiming: Sandblast (safe; 1% risk of failure)
Press: ? - help, Shift-Dir - straight line, f/p - oklob sapling
Aim: an oklob sapling (100% to hit)
The blast of sand hits the oklob sapling!
The oklob sapling is moderately damaged.
The oklob sapling spits acid at you. The splash of acid hits you!!
Ouch! That really hurt!
You die...

...... .......#.<...## ......
.............[.##......#
..................P..... #......!
..............P..PP.P......###...
................P................
...............P.>PP..####.......
......##..†.w..P..P.P.# #.##...#
#..............P......# .. ##...
..............P.@P....#
..>....###......J###....
..##..###........# .
..###.#.............#
...##.)............J#
..##..##..............
#.##...........#.#.....
#.##..#.......####.....
......##........ .....


You could see an oklob sapling, a dart slug and an endoplasm.

Vanquished Creatures
  A water moccasin (D:3)
  2 hounds
  An orc wizard (D:4)
  6 adders
  4 worms
  3 dart slugs
  4 orcs
  5 endoplasms
  A giant cockroach (D:3)
  6 goblins
  7 hobgoblins
  10 jackals
  7 kobolds
  3 quokkas
  7 ball pythons
  6 bats
  A frilled lizard (D:2)
  5 rats
79 creatures vanquished.

Vanquished Creatures (others)
  12 plants (D:4)
12 creatures vanquished.

Grand Total: 91 creatures vanquished

Notes
Turn   | Place    | Note
-------+----------+-------------------------------------------
     0 | D:1      | fleeber the Gargoyle Earth Elementalist began the quest for
                  | the Orb.
     0 | D:1      | Reached XP level 1. HP: 10/10 MP: 3/3
   360 | D:1      | Reached XP level 2. HP: 15/15 MP: 3/5
   625 | D:1      | Reached skill level 1 in Conjurations
   778 | D:1      | Reached skill level 4 in Earth Magic
  1206 | D:2      | Found Udiwuer's General Store.
  1214 | D:2      | Bought a potion of heal wounds for 55 gold pieces
  1224 | D:2      | Reached XP level 3. HP: 19/19 MP: 3/6
  1337 | D:2      | Learned a level 3 spell: Stone Arrow
  1363 | D:2      | Found Honua's Antique Weapon Shoppe.
  1653 | D:2      | Found Ylefei's Antique Weapon Shoppe.
  1717 | D:2      | Reached XP level 4. HP: 20/24 MP: 2/8
  2500 | D:2      | Found Moura's Jewellery Shop.
  3044 | D:3      | Found a glowing golden altar of the Shining One.
  3130 | D:3      | Noticed a water moccasin
  3137 | D:3      | Killed a water moccasin
  3138 | D:3      | Reached skill level 5 in Earth Magic
  3138 | D:3      | Reached XP level 5. HP: 27/28 MP: 5/10
  3423 | D:3      | Reached XP level 6. HP: 32/32 MP: 7/11
  4302 | D:4      | Found a staircase to the Ecumenical Temple.
  4336 | D:4      | Killed from afar by an oklob sapling

Illustrated notes

Levels and vault maps discovered:
D:1:      eino_arrival_tree_alley, layout_basic
D:2:      layout_basic, serial_shops, shop, shop, nicolae_shop_crystal, shop,
          st_stairs_2, minmay_misc_feat_roman, reono_crystal_passage,
          minmay_pentomino_p4
D:3:      layout_basic, tso_metal_star, chequers_serial_rivers_micro_b
D:4:      layout_cave_pools, minmay_temple_entry_oklob

Skill      XL: |  1  2  3  4 |
---------------+-------------+-----
Conjurations   | 1 2 3 |  3.8
Earth Magic    | 4 5 |  5.8
Spellcasting   | 3 |  3.9
Dodging        | |  1.5
Stealth        | |  2.1
Transmutations | |  0.7

Action                   |  1- 3 |  4- 6 || total
-------------------------+-------+-------++-------
Melee: Club              |       |     1 ||     1
 Cast: Sandblast         |    49 |    75 ||   124
  Use: Potion            |       |     1 ||     1
Armor: Robe              |     3 |    22 ||    25
Dodge: Dodged            |    10 |    27 ||    37
